 Dungeon Crawl Stone Soup version 0.21.1-1-g345015fe64 (webtiles) character file.

1143 LevaFresel the Archer (level 8, -4/54 HPs)
             Began as a Halfling Hunter on June 4, 2018.
             Was a Follower of Okawaru.
             Slain by an orc warrior
             ... wielding a +0 war axe
              (15 damage)
             ... on level 7 of the Dungeon.
             The game lasted 00:35:50 (6366 turns).

LevaFresel the Archer (Halfling Hunter)             Turns: 6366, Time: 00:35:51

Health: -4/54      AC: 14    Str: 15    XL:     8   Next: 64%
Magic:  7/9        EV: 11    Int:  9    God:    Okawaru [*.....]
Gold:   263        SH:  0    Dex: 15    Spells: 7/7 levels left

rFire    . . .     SeeInvis .   b - +4 falchion
rCold    . . .     Gourm    .   (shield restricted)
rNeg     . . .     Faith    .   k - +0 plate armour
rPois    .         Spirit   .   (no helmet)
rElec    .         Reflect  .   (no cloak)
rCorr    .         Harm     .   (no gloves)
MR       .....                  (no boots)
Stlth    ..........             (no amulet)
HPRegen  0.18/turn              (no ring)
MPRegen  0.11/turn              (no ring)

@: heroism
A: small, mutation resistance 1
a: Heroism, Renounce Religion


You were on level 7 of the Dungeon.
You worshipped Okawaru.
Okawaru was aware of your devotion.
You were not hungry.

You visited 1 branch of the dungeon, and saw 7 of its levels.

You collected 263 gold pieces.

Inventory:

Hand Weapons
 a - a +1 shortbow
 b - a +4 falchion (weapon)
 t - a +2 mace of protection
Missiles
 d - 7 arrows
Armour
 k - a +0 plate armour (worn)
Scrolls
 c - a scroll of blinking {unknown}
 h - 2 scrolls of teleportation {unknown}
 j - 3 scrolls of identify
 m - a scroll of enchant armour {unknown}
 p - a scroll of immolation {unknown}
 q - a scroll of magic mapping {unknown}
 v - a scroll of fear {unknown}
Potions
 e - 2 potions of curing {unknown}
 f - a potion of might {unknown}
 g - 2 potions of invisibility
 i - a potion of berserk rage {unknown}
 l - 2 potions of mutation {unknown}
 o - a potion of heal wounds
 r - a potion of magic {unknown}
 s - a potion of ambrosia {unknown}
 u - 2 potions of agility {unknown}
 w - a potion of lignification {unknown}
 x - a potion of flight {unknown}
Comestibles
 n - 2 rations


   Skills:
 + Level 4.1(9.1) Fighting
 + Level 1.2(6.2) Long Blades
 * Level 8.0(13.0) Bows
 + Level 3.8(8.8) Armour
 + Level 4.9(9.9) Dodging
 - Level 1.2(6.2) Stealth
 + Level 2.1 Invocations


You had 7 spell levels left.
You didn't know any spells.

Dungeon Overview and Level Annotations

Branches:
Dungeon (7/15)             Temple (0/1) D:6

Altars:
Okawaru

Shops:
D:5 (

Annotations:
D:4 Revguard's ghost, amateur DsAK


Innate Abilities, Weirdness & Mutations

You are small and have problems with some larger weapons.
You are somewhat resistant to further mutation.


Message History

The orc wizard shouts!
The arrow hits the orc warrior but does no damage.
You can't go up here!
The orc warrior hits you with a war axe.
You climb downwards.
Something hits you but does no damage.
There is a stone staircase leading up here.
You gain the combat prowess of a mighty hero.
Something hits you.
The orc warrior hits you with a war axe!
b - a +4 falchion (weapon)
Your plate armour prevents you from hitting the orc warrior.
Something hits you but does no damage.
The orc warrior hits you with a war axe.
You closely miss the orc warrior. Something hits you but does no damage.
Something hits you.
The orc warrior hits you with a war axe!!
* * * LOW HITPOINT WARNING * * *
You closely miss the orc warrior. Something hits you but does no damage.
The orc warrior hits you with a war axe!
You die...

. .. ## .. #.
###.### #.####
......{#.....##
####..{o.......
#......@.......
#####.##.....##
.. .....# #.
##.### .. ..#
## .# #


You could see an orc warrior.

Vanquished Creatures
  Eustachio (D:6)
  The ghost of Gargoyl the Skirmisher, an amateur CeAK of Lugonu (D:3)
  A centaur (D:2)
  A bullfrog (D:6)
  A wyvern skeleton (D:6)
  2 crimson imps (D:5)
  6 orc wizards
  3 orc priests
  A jelly (D:5)
  A bullfrog skeleton (D:6)
  Natasha (D:2)
  2 iguanas (D:5)
  6 gnolls (D:3)
  5 adders
  2 shadow imps (D:5)
  An ooze (D:1)
  2 adder zombies
  2 dart slugs (D:1)
  5 leopard geckos
  28 orcs
  3 ball pythons
  2 giant cockroaches (D:1)
  5 goblins
  8 hobgoblins
  7 jackals
  2 quokkas (D:3)
  8 bats
  6 frilled lizards
  10 kobolds
  A leopard gecko zombie (D:5)
  5 rats
129 creatures vanquished.

Notes
Turn   | Place    | Note
-------+----------+-------------------------------------------
     0 | D:1      | LevaFresel the Halfling Hunter began the quest for the Orb.
     0 | D:1      | Reached XP level 1. HP: 14/14 MP: 1/1
   163 | D:1      | Reached XP level 2. HP: 16/19 MP: 2/2
   290 | D:1      | Reached XP level 3. HP: 18/24 MP: 3/3
   485 | D:1      | Reached skill level 5 in Bows
   838 | D:1      | Reached XP level 4. HP: 30/30 MP: 4/4
  1690 | D:2      | Noticed a centaur
  1709 | D:2      | HP: 1/30 [centaur (1)]
  1711 | D:2      | Killed a centaur
  1711 | D:2      | Reached skill level 1 in Armour
  1711 | D:2      | Reached XP level 5. HP: 2/35 MP: 5/5
  2102 | D:2      | Reached XP level 6. HP: 36/41 MP: 6/6
  2289 | D:2      | Noticed Natasha
  2304 | D:2      | Killed Natasha
  2304 | D:2      | Reached skill level 6 in Bows
  2311 | D:2      | Found an iron altar of Okawaru.
  2324 | D:2      | Became a worshipper of Warmaster Okawaru
  3486 | D:3      | Noticed Gargoyl's ghost (amateur CeAK)
  3533 | D:3      | Killed Gargoyl's ghost
  3533 | D:3      | Reached XP level 7. HP: 19/46 MP: 7/7
  4401 | D:4      | Noticed Revguard's ghost (amateur DsAK)
  4781 | D:5      | Entered Level 5 of the Dungeon
  4834 | D:5      | Reached skill level 7 in Bows
  4881 | D:5      | Reached * piety under Okawaru
  4972 | D:5      | Found Nuecwap's Weapon Shop.
  5126 | D:5      | Reached XP level 8. HP: 45/54 MP: 8/8
  5205 | D:5      | Reached skill level 1 in Invocations
  5353 | D:6      | Noticed Eustachio
  5380 | D:6      | Killed Eustachio
  5450 | D:6      | Found a staircase to the Ecumenical Temple.
  5732 | D:6      | Reached skill level 1 in Long Blades
  5918 | D:6      | Reached skill level 8 in Bows
  6366 | D:7      | Slain by an orc warrior

Skill      XL: |  1  2  3  4  5  6  7  8 |
---------------+-------------------------+-----
Fighting       | 2 3 4 |  4.1
Bows           | 5 6 7 8 |  8.0
Dodging        | 3 4 |  4.9
Armour         | 1 2 3 |  3.8
Invocations    | 2 |  2.1
Long Blades    | 1 |  1.2
Stealth        | |  1.2

Action                   |  1- 3 |  4- 6 |  7- 9 || total
-------------------------+-------+-------+-------++-------
Melee: Short sword       |    38 |   127 |    18 ||   183
       Shortbow          |       |     2 |       ||     2
       Falchion          |       |       |    40 ||    40
 Fire: Shortbow          |    69 |   155 |   203 ||   427
Invok: Heroism           |       |       |     3 ||     3
  Use: Scroll            |       |       |     1 ||     1
  Eat: Ration            |       |     2 |     3 ||     5
Armor: Leather armour    |    10 |       |       ||    10
       Plate armour      |       |   147 |   108 ||   255
       Ring mail         |       |     1 |       ||     1
Dodge: Dodged            |    44 |    70 |    69 ||   183
       Rpst.: Falchion   |       |       |     8 ||     8
